 Dungeon Crawl Stone Soup version 0.25-a0-661-g55ea3d2053 (webtiles) character file.

Game seed: 1531953929993700627, levelgen mode: deterministic

26984 Haet the Geomancer (level 13, -2/79 HPs)
             Began as a Gargoyle Earth Elementalist on Mar 23, 2020.
             Was a High Priest of Vehumet.
             Slain by a minotaur
             ... wielding the +7 captain's cutlass {speed, disarm}
              (46 damage)
             ... in a Gauntlet.
             The game lasted 00:58:22 (15003 turns).

Haet the Geomancer (Gargoyle Earth Elementalist)   Turns: 15003, Time: 00:58:23

Health: -2/79      AC: 17    Str: 13    XL:     13   Next: 29%
Magic:  8/25       EV: 15    Int: 25    God:    Vehumet [*****.]
Gold:   717        SH:  0    Dex: 10    Spells: 10/29 levels left

rFire    . . .     SeeInvis .   c - +7 great mace "Undeadhunter" {disrupt, rN+}
rCold    . . .     Gourm    .   (shield currently unavailable)
rNeg     + + .     Faith    .   r - +2 robe {Archmagi}
rPois    ∞         Spirit   .   (helmet restricted)
rElec    +         Reflect  .   u - scarf {cloud immunity}
rCorr    +         Harm     .   (no gloves)
MR       .....     Clarity  +   z - +2 pair of boots of the Gloaming {Int+2} Stlth ++........NoTele +
                                (no amulet)
HPRegen  0.23/turn              h - +3 ring of intelligence
MPRegen  0.19/turn              f - ring of Entrepreneurial Spirit {+Blink rElec rCorr}

@: mighty, stab, very slightly contaminated, hasted, invisible, very quick
A: antennae 1, hooves 1, clarity, negative energy resistance 1, sense
surroundings 1, screaming 1, electricity resistance, unbreathing, petrification
resistance, rot immunity, AC +9
a: Renounce Religion, Evoke Blink


You were in a Gauntlet.
You worshipped Vehumet.
Vehumet was extremely pleased with you.
You were not hungry.

You visited 2 branches of the dungeon, and saw 15 of its levels.
You also visited: Sewer and Gauntlet.

You collected 805 gold pieces.
You spent 88 gold pieces at shops.

Inventory:

Hand Weapons
 c - the +7 great mace "Undeadhunter" (weapon) {disrupt, rN+}
   (You found it on level 5 of the Dungeon)

   It protects you from negative energy.
 n - a +0 morningstar of flaming
 K - a +2 flail of protection
Missiles
 b - 284 stones (quivered)
 k - 3 boomerangs of dispersal
 I - 2 throwing nets
Armour
 r - a +2 robe of the Archmagi (worn)
 u - a scarf of cloud immunity (worn)
 z - the +2 pair of boots of the Gloaming (worn) {Int+2}
   (You found it in a Gauntlet)

   It affects your intelligence (+2).
Magical Staves
 e - an uncursed staff of cold
Jewellery
 f - the ring of Entrepreneurial Spirit (right hand) {+Blink rElec rCorr}
   (You found it in a Gauntlet)

   [ring of resist corrosion]

   It insulates you from electricity.
   It lets you blink.
   It provides partial protection from all sources of acid and corrosion.
 h - a +3 ring of intelligence (left hand)
Wands
 j - a wand of digging (6)
 C - a wand of polymorph (7)
 E - a wand of enslavement (7)
Scrolls
 a - 2 scrolls of enchant weapon
 g - 2 scrolls of blinking
 q - 7 scrolls of amnesia
 t - 8 scrolls of identify
 w - a scroll of immolation
 y - a scroll of fear
 D - a scroll of fog
 J - a scroll of enchant armour
Potions
 l - 2 potions of lignification
 m - 2 potions of flight
 o - a potion of might
 p - 6 potions of curing
 x - 5 potions of mutation
 F - a potion of brilliance
 G - 2 potions of cancellation
 H - a potion of invisibility
Comestibles
 d - 28 rations


   Skills:
 + Level 8.5 Fighting
 + Level 7.8 Maces & Flails
 - Level 6.0 Armour
 + Level 6.8 Dodging
 - Level 2.1 Stealth
 + Level 8.8 Spellcasting
 + Level 9.7 Conjurations
   Level 0.7 Transmutations
 + Level 11.4 Earth Magic
 + Level 5.5 Evocations


You had 10 spell levels left.
You knew the following spells:

 Your Spells              Type           Power        Failure   Level  Hunger
a - Sandblast             Erth           ######       1%          1    None
b - Stone Arrow           Conj/Erth      ######       1%          3    None
c - Lee's Rapid Deconstr  Erth           #######...   1%          5    ####...
d - Orb of Destruction    Conj           ######....   22%         7    #######
e - Dazzling Flash        Conj/Hex       ######       1%          3    None

Your spell library contained the following spells:

 Spells                   Type           Power        Failure   Level  Hunger
 Lightning Bolt           Conj/Air       ######....   6%          5    ####...
 Magic Dart               Conj           ####         1%          1    None
 Passwall                 Tmut/Erth      ######..     1%          2    None
 Searing Ray              Conj           ######       1%          2    None
 Fulminant Prism          Conj/Hex       ######....   2%          4    ##.....
 Iskenderun's Mystic Bla  Conj/Tloc      ######..     2%          4    ##.....
 Petrify                  Tmut/Erth      ######..     4%          4    ##.....
 Animate Skeleton         Necr           N/A          5%          1    None
 Pain                     Necr           ###.         5%          1    None
 Vampiric Draining        Necr           ###.......   17%         3    None
 Animate Dead             Necr           N/A          50%         4    ##.....
 Agony                    Necr           ###.....     83%         5    ####...


Dungeon Overview and Level Annotations

Branches:
Dungeon (14/15)            Temple (1/1) D:5            Lair (0/6) D:9
    Orc (0/2) D:11         Vaults (0/5) D:14          Sewer (visited)
Gauntlet (1/1)

Altars:
Ashenzari
Cheibriados
Dithmenos
Elyvilon
Fedhas
Gozag
Hepliaklqana
Kikubaaqudgha
Makhleb
Nemelex Xobeh
Okawaru
Qazlal
Ru
Sif Muna
Trog
Uskayaw
Vehumet
Wu Jian
Xom
Yredelemnul
Zin
The Shining One

Shops:
D:7 *   D:11 ![

Annotations:
D:5 2 runed translucent doors, anything's ghost, novice DgFi
D:6 exclusion: oklob plant Gauntlet 10 transporters, 21 runed translucent doors


Innate Abilities, Weirdness & Mutations

You are resistant to torment.
Your stone body is resilient. (AC +9)
You are immune to poison.
You resist negative energy. (rN+)
You are resistant to electric shocks. (rElec)
You can survive without breathing.
You are immune to petrification.
You are immune to rotting.
You have a pair of small antennae on your head.
You have large cloven feet.
You possess an exceptional clarity of mind.
You passively map a small area around you.
You occasionally shout uncontrollably at your foes.


Message History

Blink to where?
Press: ? - help, Dir - move target cursor, p - minotaur
As you read the scroll of blinking, it crumbles to dust.
You feel better.
The frost giant changes into a sphinx!
You feel better.
You are confused.
You feel invigorated.
You bump into the granite statue.
You feel better.
You feel less invigorated.
Casting: Sandblast (safe; 1% risk of failure)
Confirm with . or Enter, or press ? or * to list all spells.
Aiming: Lee's Rapid Deconstruction (safe; 1% risk of failure)
Press: ? - help, Dir - move target cursor A metal wall.
You feel a surge of power!
The metal wall shatters!
The blast of metal fragments hits the minotaur!
The minotaur is almost dead.
The minotaur hits you with the +7 captain's cutlass {speed, disarm}!!!
Ouch! That really hurt!
You die...

#.#.##.##.#...#...+..+..#....#
#........H#...#...+..+..#..###
###########...###########..#8#
......#©#.......#©#........###
......#†#..≈∩≈..#.#.......≈#
#######.#########.########## #
#≈...............≈# #8 #
#8.8.8.8.8.8.8.8.8# ##
#§..........H@...≈#
###.#.#######.#.### #.#(°H.#
..#.# #.#.##.# ##.# # #.... ..
... #.#..# ##..# #.#..# , ..#
#....# , #..., #8.#


8 You could see a sphinx shaped shifter and a minotaur (berserk).

Vanquished Creatures
  Kirke (D:11)
  2 hydras
  4 two-headed ogres
  4 sixfirhies (Gauntlet)
  A necromancer (D:14)
  4 cyclopes
  A centaur zombie (D:10)
  A guardian serpent (shapeshifter) (D:13)
  A gargoyle (D:12)
  Psyche (D:10)
  2 tengu conjurers (D:13)
  A redback zombie (D:13)
  4 trolls
  5 slime creatures (D:11)
  4 hippogriffs
  2 dream sheep (D:8)
  A shadow (D:12)
  Eustachio (D:5)
  6 wyverns
  7 yaks
  A hungry ghost (D:9)
  2 wraiths
  A basilisk (D:9)
  3 vampire mosquitoes (D:13)
  Menkaure (D:6)
  A soldier ant (D:10)
  Duvessa (D:4)
  A water moccasin (D:8)
  11 orc warriors
  2 black bears
  4 ice beasts
  A swamp drake (D:9)
  2 sky beasts
  2 phantoms
  6 centaurs
  11 ogres
  A necrophage (D:11)
  An ogre (shapeshifter) (Gauntlet)
  A crocodile (D:9)
  8 big kobolds
  A wyvern zombie (D:6)
  7 gnoll sergeants (D:11)
  5 bullfrogs
  A wyvern skeleton (D:11)
  Dowan (D:4)
  2 scorpions
  3 howler monkeys
  22 wights
  3 bullfrog zombies
  10 crimson imps
  2 quasits
  8 hounds
  11 orc priests
  2 bullfrog skeletons
  4 centaur skeletons
  6 jellies
  4 iguanas
  5 orc wizards
  9 worker ants
  3 hound zombies
  A hound skeleton (D:7)
  6 gnolls
  15 adders
  2 howler monkey skeletons
  2 river rats (D:6)
  6 shadow imps
  3 ufetubi (Gauntlet)
  2 oozes
  2 adder skeletons
  3 worms
  6 dart slugs
  5 leopard geckos
  51 orcs
  11 bats
  7 giant cockroaches
  9 goblins
  6 hobgoblins
  25 jackals
  6 quokkas
  2 ball pythons
  5 frilled lizards
  A jackal zombie (D:6)
  31 kobolds
  2 leopard gecko zombies
  A quokka zombie (D:6)
  10 rats
  2 demonic plants (Gauntlet)
445 creatures vanquished.

Vanquished Creatures (others)
  4 humans (D:12)
  A big kobold (D:12)
  4 wights (D:12)
  A bat (D:2)
  2 kobolds (D:12)
  5 demonic plants (Gauntlet)
  11 toadstools (D:6)
  13 withered plants (Gauntlet)
41 creatures vanquished.

Grand Total: 486 creatures vanquished

Notes
Turn   | Place    | Note
-------+----------+-------------------------------------------
     0 | D:1      | Haet the Gargoyle Earth Elementalist began the quest for
                  | the Orb.
     0 | D:1      | Reached XP level 1. HP: 10/10 MP: 3/3
    72 | D:1      | Reached skill level 4 in Earth Magic
    72 | D:1      | Reached XP level 2. HP: 6/15 MP: 3/5
   588 | D:1      | Reached XP level 3. HP: 9/19 MP: 4/6
  1024 | D:2      | Learned a level 3 spell: Stone Arrow
  1058 | D:2      | Noticed an ogre
  1089 | D:2      | Killed an ogre
  1089 | D:2      | Reached skill level 1 in Conjurations
  1089 | D:2      | Reached skill level 5 in Earth Magic
  1089 | D:2      | Reached XP level 4. HP: 24/24 MP: 1/8
  1210 | D:2      | Reached XP level 5. HP: 28/28 MP: 3/9
  1217 | D:2      | Learned a level 5 spell: Lee's Rapid Deconstruction
  2397 | D:3      | Found a glowing silver altar of Zin.
  2398 | D:3      | Found a burning altar of Makhleb.
  2400 | D:3      | Noticed an Executioner
  2400 | D:3      | Noticed an angel
  2647 | D:3      | Reached XP level 6. HP: 32/32 MP: 11/11
  3089 | D:4      | Gained mutation: You evolve. [potion of mutation]
  3089 | D:4      | Gained mutation: You possess an exceptional clarity of
                  | mind. [potion of mutation]
  3089 | D:4      | Gained mutation: You passively map a small area around you.
                  | [potion of mutation]
  3089 | D:4      | Gained mutation: You have large cloven feet. [potion of
                  | mutation]
  3167 | D:4      | Noticed Duvessa
  3167 | D:4      | Noticed Dowan
  3180 | D:4      | Killed Duvessa
  3180 | D:4      | Reached skill level 6 in Earth Magic
  3191 | D:4      | Killed Dowan
  3191 | D:4      | Reached XP level 7. HP: 28/36 MP: 1/13
  3308 | D:4      | Gained mutation: You occasionally shout uncontrollably at
                  | your foes. [evolution]
  3695 | D:5      | Entered Level 5 of the Dungeon
  3949 | D:5      | Reached skill level 1 in Fighting
  3949 | D:5      | Reached skill level 1 in Maces & Flails
  3949 | D:5      | Reached skill level 1 in Armour
  4034 | D:5      | Found a runed translucent door.
  4034 | D:5      | Noticed anything's ghost (novice DgFi)
  4039 | D:5      | Found a staircase to the Ecumenical Temple.
  4056 | D:5      | Found the +7 great mace "Undeadhunter" {disrupt, rN+}
  4073 | Temple   | Entered the Ecumenical Temple
  4126 | Temple   | Became a worshipper of Vehumet
  4196 | D:5      | Reached XP level 8. HP: 36/43 MP: 15/15
  4258 | D:5      | Reached skill level 7 in Earth Magic
  4496 | D:5      | Noticed Eustachio
  4506 | D:5      | Killed Eustachio
  4506 | D:5      | Reached skill level 5 in Spellcasting
  4580 | D:5      | Found an ancient bone altar of Kikubaaqudgha.
  4580 | D:5      | Found a basalt altar of Yredelemnul.
  4583 | D:5      | Found a sacrificial altar of Ru.
  4625 | D:5      | Gained mutation: You have a pair of small antennae on your
                  | head. [evolution]
  4625 | D:5      | Lost mutation: You evolve. [end of evolution]
  4670 | D:5      | Found a runed translucent door.
  4929 | D:6      | Reached skill level 5 in Conjurations
  4954 | D:6      | Noticed Menkaure
  4960 | D:6      | Killed Menkaure
  5089 | D:6      | Reached XP level 9. HP: 29/49 MP: 0/17
  5095 | D:6      | Reached * piety under Vehumet
  5095 | D:6      | Offered knowledge of Freeze by Vehumet.
  5215 | D:6      | Found a glowing drain.
  5222 | Sewer    | Entered a sewer
  5336 | Sewer    | Found a glowing silver altar of Zin.
  5863 | D:6      | Found a blossoming altar of Fedhas.
  5874 | D:6      | Noticed an oklob plant
  6321 | D:7      | Reached skill level 8 in Earth Magic
  6324 | D:7      | Offered knowledge of Foxfire by Vehumet.
  6336 | D:7      | Reached ** piety under Vehumet
  6575 | D:7      | Found Jopnied's General Store.
  6583 | D:7      | Bought a scroll of teleportation for 36 gold pieces
  6697 | D:7      | Found an iron altar of Okawaru.
  7547 | D:8      | Reached XP level 10. HP: 25/58 MP: 9/19
  7838 | D:8      | Offered knowledge of Dazzling Flash by Vehumet.
  7925 | D:8      | Found a stormy altar of Qazlal.
  7925 | D:8      | Found a bloodstained altar of Trog.
  8314 | D:8      | Reached *** piety under Vehumet
  8320 | D:8      | Reached skill level 5 in Armour
  8326 | D:8      | Reached skill level 5 in Fighting
  8437 | D:8      | Noticed a two-headed hydra
  8441 | D:8      | Killed a two-headed hydra
  8441 | D:8      | Reached skill level 9 in Earth Magic
  8498 | D:9      | Reached skill level 1 in Evocations
  8516 | D:9      | Offered knowledge of Frozen Ramparts by Vehumet.
  8545 | D:9      | Found a sparkling altar of Nemelex Xobeh.
  8545 | D:9      | Found a blossoming altar of Fedhas.
  8766 | D:9      | Found a sacrificial altar of Ru.
  8905 | D:9      | Noticed a two-headed ogre
  8911 | D:9      | Killed a two-headed ogre
  8911 | D:9      | Reached skill level 5 in Maces & Flails
  8911 | D:9      | Reached XP level 11. HP: 64/64 MP: 7/21
  9025 | D:9      | Found a white marble altar of Elyvilon.
  9438 | D:9      | Reached **** piety under Vehumet
  9496 | D:9      | Found a staircase to the Lair.
  9602 | D:10     | Entered Level 10 of the Dungeon
  9653 | D:10     | Noticed a two-headed ogre
  9661 | D:10     | Killed a two-headed ogre
  9661 | D:10     | Reached skill level 5 in Dodging
  9854 | D:10     | Offered knowledge of Iskenderun's Battlesphere by Vehumet.
 10040 | D:10     | Noticed a two-headed ogre
 10043 | D:10     | Killed a two-headed ogre
 10223 | D:10     | Noticed Psyche
 10227 | D:10     | Killed Psyche
 10352 | D:11     | Found Joss's Distillery.
 10353 | D:11     | Reached skill level 10 in Earth Magic
 10398 | D:11     | Noticed a cyclops
 10403 | D:11     | Noticed a cyclops
 10405 | D:11     | Killed a cyclops
 10589 | D:11     | Killed a cyclops
 10774 | D:11     | Reached XP level 12. HP: 71/71 MP: 8/23
 10912 | D:11     | Bought a potion of degeneration for 13 gold pieces
 10912 | D:11     | Bought a potion of curing for 39 gold pieces
 11132 | D:11     | Found a staircase to the Orcish Mines.
 11137 | D:11     | Reached ***** piety under Vehumet
 11137 | D:11     | Offered knowledge of Orb of Destruction by Vehumet.
 11196 | D:11     | Learned a level 7 spell: Orb of Destruction
 11200 | D:11     | Learned a level 3 spell: Dazzling Flash
 11501 | D:11     | Found Rugaji's Antique Armour Boutique.
 11735 | D:12     | Noticed a six-headed hydra
 11772 | D:12     | Noticed Kirke
 11796 | D:11     | Killed Kirke
 12163 | D:12     | Killed a six-headed hydra
 13000 | D:13     | Reached skill level 5 in Evocations
 13131 | D:13     | Reached skill level 11 in Earth Magic
 13515 | D:13     | Reached XP level 13. HP: 78/78 MP: 21/25
 13709 | D:13     | Offered knowledge of Lightning Bolt by Vehumet.
 14002 | D:14     | Found a gate to the Vaults.
 14027 | D:14     | Found a gate leading to a gauntlet.
 14036 | Gauntlet | Entered a Gauntlet
 14036 | Gauntlet | Found a transporter.
 14036 | Gauntlet | Found a transporter.
 14240 | Gauntlet | Found a transporter.
 14240 | Gauntlet | Found a transporter.
 14249 | Gauntlet | Found a transporter.
 14267 | Gauntlet | Noticed a reaper
 14272 | Gauntlet | Found a transporter.
 14274 | Gauntlet | Found a large runed translucent door.
 14275 | Gauntlet | Found a large runed translucent door.
 14276 | Gauntlet | Found a large runed translucent door.
 14276 | Gauntlet | Found a large runed translucent door.
 14277 | Gauntlet | Found a large runed translucent door.
 14277 | Gauntlet | Found a large runed translucent door.
 14277 | Gauntlet | Found a runed translucent gate.
 14277 | Gauntlet | Found a runed translucent door.
 14278 | Gauntlet | Found a large runed translucent door.
 14278 | Gauntlet | Found a transporter.
 14278 | Gauntlet | Found a runed translucent gate.
 14278 | Gauntlet | Found a transporter.
 14279 | Gauntlet | Found a large runed translucent door.
 14279 | Gauntlet | Found a runed translucent gate.
 14279 | Gauntlet | Found a runed translucent door.
 14281 | Gauntlet | Found a transporter.
 14286 | Gauntlet | Found a large runed translucent door.
 14286 | Gauntlet | Found a large runed translucent door.
 14287 | Gauntlet | Found a large runed translucent door.
 14288 | Gauntlet | Found a large runed translucent door.
 14289 | Gauntlet | Noticed a fire dragon
 14289 | Gauntlet | a two-headed ogre changed into a fire dragon
 14290 | Gauntlet | Noticed an ice dragon
 14290 | Gauntlet | a fire dragon changed into an ice dragon
 14292 | Gauntlet | an ice dragon changed into an alligator
 14297 | Gauntlet | Found a large runed translucent door.
 14297 | Gauntlet | Found a large runed translucent door.
 14297 | Gauntlet | Noticed an entropy weaver
 14298 | Gauntlet | Noticed a great orb of eyes
 14298 | Gauntlet | an entropy weaver changed into a great orb of eyes
 14302 | Gauntlet | a great orb of eyes changed into a satyr
 14303 | Gauntlet | Noticed an entropy weaver
 14303 | Gauntlet | a satyr changed into an entropy weaver
 14307 | Gauntlet | an entropy weaver changed into a tyrant leech
 14308 | Gauntlet | Found a transporter.
 14315 | Gauntlet | Found a transporter.
 14315 | Gauntlet | Noticed a spark wasp
 14315 | Gauntlet | an anaconda changed into a spark wasp
 14318 | Gauntlet | a spark wasp changed into a queen ant
 14333 | Gauntlet | Found a transporter.
 14379 | Gauntlet | Found a transporter.
 14397 | Gauntlet | Found a transporter.
 14399 | Gauntlet | Noticed a great orb of eyes
 14414 | Gauntlet | Noticed a fire dragon
 14421 | Gauntlet | a fire dragon changed into a glowing orange brain
 14496 | Gauntlet | Found a transporter.
 14509 | Gauntlet | Noticed a great orb of eyes
 14510 | Gauntlet | Found a transporter.
 14526 | Gauntlet | Found a large runed translucent door.
 14526 | Gauntlet | Found a large runed translucent door.
 14807 | Gauntlet | Got a glittering lapis lazuli ring
 14808 | Gauntlet | Identified the ring of Entrepreneurial Spirit {+Blink rElec
                  | rCorr} (You found it in a Gauntlet)
 14868 | Gauntlet | Noticed a great orb of eyes
 14872 | Gauntlet | Noticed a spark wasp
 14872 | Gauntlet | a great orb of eyes changed into a spark wasp
 14876 | Gauntlet | Noticed a great orb of eyes
 14876 | Gauntlet | a spark wasp changed into a great orb of eyes
 14879 | Gauntlet | a great orb of eyes changed into a satyr
 14888 | Gauntlet | Noticed an entropy weaver
 14888 | Gauntlet | a satyr changed into an entropy weaver
 14893 | Gauntlet | an entropy weaver changed into a five-headed hydra
 14894 | Gauntlet | Noticed an entropy weaver
 14894 | Gauntlet | a five-headed hydra changed into an entropy weaver
 14897 | Gauntlet | an entropy weaver changed into a death yak
 14902 | Gauntlet | Noticed a shadow dragon
 14902 | Gauntlet | a death yak changed into a shadow dragon
 14909 | Gauntlet | Noticed a titan
 14909 | Gauntlet | a shadow dragon changed into a titan
 14915 | Gauntlet | Noticed a juggernaut
 14915 | Gauntlet | a titan changed into a juggernaut
 14923 | Gauntlet | Noticed a titan
 14923 | Gauntlet | a juggernaut changed into a titan
 14925 | Gauntlet | Noticed a shard shrike
 14925 | Gauntlet | a titan changed into a shard shrike
 14937 | Gauntlet | Noticed a juggernaut
 14937 | Gauntlet | a shard shrike changed into a juggernaut
 14939 | Gauntlet | Noticed a golden dragon
 14939 | Gauntlet | a juggernaut changed into a golden dragon
 14941 | Gauntlet | Noticed a shadow dragon
 14941 | Gauntlet | a golden dragon changed into a shadow dragon
 14943 | Gauntlet | Noticed a frost giant
 14943 | Gauntlet | a shadow dragon changed into a frost giant
 14944 | Gauntlet | Noticed a sphinx
 14944 | Gauntlet | a frost giant changed into a sphinx
 14945 | Gauntlet | Got a pair of faintly glowing boots
 14946 | Gauntlet | Noticed an azure jelly
 14946 | Gauntlet | a sphinx changed into an azure jelly
 14965 | Gauntlet | Identified the +2 pair of boots of the Gloaming {Int+2}
                  | (You found it in a Gauntlet)
 14966 | Gauntlet | Noticed a quicksilver dragon
 14967 | Gauntlet | Noticed an azure jelly
 14967 | Gauntlet | a quicksilver dragon changed into an azure jelly
 14972 | Gauntlet | Noticed a minotaur
 14979 | Gauntlet | Noticed a stone giant
 14979 | Gauntlet | Noticed a frost giant
 14979 | Gauntlet | a stone giant changed into a frost giant
 14981 | Gauntlet | Noticed a quicksilver dragon
 14981 | Gauntlet | a frost giant changed into a quicksilver dragon
 14985 | Gauntlet | Noticed a stone giant
 14985 | Gauntlet | a quicksilver dragon changed into a stone giant
 14990 | Gauntlet | Noticed an azure jelly
 14990 | Gauntlet | a stone giant changed into an azure jelly
 14995 | Gauntlet | Noticed a frost giant
 14995 | Gauntlet | an azure jelly changed into a frost giant
 14997 | Gauntlet | Noticed a sphinx
 14997 | Gauntlet | a frost giant changed into a sphinx
 15003 | Gauntlet | Slain by a minotaur

Levels and vault maps discovered:
D:1:      scummos_arrival_hexagon, layout_basic, minmay_tall_x
D:2:      layout_loops_cross, first_ration
D:3:      corexii_shack_village, layout_rooms,
          grunt_temple_overflow_order_and_chaos_2, kennysheep_generic_room_6
D:4:      layout_loops_ring, kennysheep_crisscross, uniq_duvessa
D:5:      layout_layer_cave, minitemple, minmay_temple_entry_drinking_statues,
          ebering_ghost_sewer_f, uniq_eustachio
D:6:      layout_loops_ring, portal_sewer_entry_e, corexii_hall_statues_l,
          tgw_fedhas, uniq_menkaure
D:7:      minmay_bubble_buster, layout_basic, basic_altar, serial_shops,
          nicolae_shop_temple_entry_statues_fountains
D:8:      layout_gridville, gammafunk_temple_overflow_pools, hangedman_ranch
          [blue_anna_fruit_fields]
D:9:      layout_cave_pools, chequers_temple_overflow_statue_of_worship,
          old_standard_altar, erik_lair_dragon, nicolae_ru_path_of_blood
D:10:     layout_irregular_city, uniq_psyche
D:11:     layout_loops_ring, kennysheep_orc_monster_closet_entryway,
          serial_shops, kennysheep_little_box, shop
D:12:     layout_long_grid, uniq_kirke
D:13:     layout_stronghold
D:14:     layout_gridville, david_vaults_1, minivault_4, gauntlet_entry_generic,
          skrybe_limestone_x
Temple:   minmay_temple_bridge_abc
Gauntlet: gammafunk_gauntlet_branching [gammafunk_gauntlet_arena_hedges,
          nicolae_gauntlet_arena_t_cross, nicolae_gauntlet_arena_blocks,
          nicolae_gauntlet_arena_flowing_pool,
          gammafunk_gauntlet_arena_arrow_garden,
          nicolae_gauntlet_arena_quarters, nicolae_gauntlet_arena_grate_2,
          minmay_gauntlet_arena_make_your_own_arena,
          nicolae_gauntlet_exit_dead_adventurers]

Skill      XL: |  1  2  3  4  5  6  7  8  9 10 11 12 |
---------------+-------------------------------------+-----
Earth Magic    | 4 5 6 7 8 9 10 11 | 11.4
Spellcasting   | 3 4 5 6 7 8 |  8.8
Conjurations   | 1 2 3 4 5 6 7 8 9 |  9.7
Fighting       | 1 2 4 5 6 8 |  8.5
Maces & Flails | 1 2 3 5 6 7 |  7.8
Armour         | 1 2 4 5 6 |  6.0
Dodging        | 2 3 4 5 6 |  6.8
Evocations     | 2 3 5 |  5.5
Stealth        | |  2.1
Transmutations | |  0.7

Action                   |  1- 3 |  4- 6 |  7- 9 | 10-12 | 13-15 || total
-------------------------+-------+-------+-------+-------+-------++-------
Melee: Mace              |    47 |    41 |       |       |       ||    88
       Spear             |       |   193 |    48 |       |       ||   241
       Great mace        |       |       |   226 |   274 |    22 ||   522
       Unarmed           |       |       |       |    10 |       ||    10
 Cast: Sandblast         |     8 |    21 |    24 |    90 |     6 ||   149
       Stone Arrow       |     1 |     4 |     5 |    31 |    11 ||    52
       Lee's Rapid Decon |       |       |    13 |    46 |    18 ||    77
       Orb of Destructio |       |       |       |       |     1 ||     1
Evoke: Wand              |       |       |     3 |     2 |     1 ||     6
  Use: Scroll            |       |    15 |     7 |    11 |     5 ||    38
       Potion            |       |     1 |       |     6 |    10 ||    17
 Stab: Sleeping          |     1 |     6 |     3 |     5 |       ||    15
       Distracted        |       |     1 |     1 |     1 |       ||     3
  Eat: Chunk             |     1 |     7 |    18 |    33 |     2 ||    61
       Ration            |       |       |       |       |     3 ||     3
Armor: Robe              |    14 |   104 |   155 |   214 |    52 ||   539
Dodge: Dodged            |    39 |   210 |   260 |   312 |    58 ||   879

Table legend:
 A = Non-vault XP
 B = Vault XP
 C = Vault XP percentage of total XP
 D = Non-vault monster count
 E = Vault monster count
 F = Vault count percentage of total count
                 A         B        C        D         E       F
            +---------+---------+-------+---------+---------+-------
      Total |   24763 |   13786 |  35.8 |     348 |      95 |  21.4
            +---------+---------+-------+---------+---------+-------
        D:1 |      28 |       9 |  24.3 |      14 |       4 |  22.2
        D:2 |     204 |       0 |   0.0 |      30 |       0 |   0.0
        D:3 |      77 |      33 |  30.0 |      30 |      15 |  33.3
        D:4 |     168 |     215 |  56.1 |       8 |       2 |  20.0
        D:5 |     700 |     208 |  22.9 |      21 |       1 |   4.5
        D:6 |    1079 |     213 |  16.5 |      35 |       9 |  20.5
        D:7 |     840 |     652 |  43.7 |      27 |      10 |  27.0
        D:8 |     780 |    2168 |  73.5 |      21 |       8 |  27.6
        D:9 |    2340 |    1134 |  32.6 |      26 |       6 |  18.8
       D:10 |    4326 |     404 |   8.5 |      28 |       1 |   3.4
       D:11 |    7118 |    3905 |  35.4 |      58 |      21 |  26.6
       D:12 |    3280 |       0 |   0.0 |      16 |       0 |   0.0
       D:13 |    3458 |       0 |   0.0 |      30 |       0 |   0.0
       D:14 |     365 |    1459 |  80.0 |       4 |       2 |  33.3
      Sewer |       0 |     112 | 100.0 |       0 |       8 | 100.0
   Gauntlet |       0 |    3274 | 100.0 |       0 |       8 | 100.0
            +---------+---------+-------+---------+---------+-------
